 Dungeon Crawl Stone Soup version 0.30-a0-263-ge22c4ad894 (webtiles) character file.

Game seed: 5647867115215013515

110 gzilladon the Chopper (level 4, -1/40 HPs)
             Began as a Hill Orc Monk on Oct 13, 2022.
             Slain by an orc
             ... wielding a +0 flail
              (3 damage)
             ... on level 3 of the Dungeon.
             The game lasted 00:08:56 (2526 turns).

gzilladon the Chopper (Hill Orc Monk)               Turns: 2526, Time: 00:08:56

Health: -1/40      AC:  8    Str: 15    XL:     4   Next: 91%
Magic:  4/4        EV:  2    Int: 10    God:
Gold:   74         SH: 11    Dex: 13    Spells: 3/3 levels left

rFire   . . .      SeeInvis .    a - +0 hand axe
rCold   . . .      Faith    .    k - +0 tower shield
rNeg    . . .      Spirit   .    m - +0 chain mail
rPois   .          Reflect  .    (no helmet)
rElec   .          Harm     .    (no cloak)
rCorr   .          Rampage  .    (no gloves)
Will    .....                    (no boots)
Stlth   ..........               (no amulet)
HPRegen 0.26/turn                (no ring)
MPRegen 0.09/turn                (no ring)

@: no status effects
A: no striking features
a: no special abilities


You were on level 3 of the Dungeon.
You visited 1 branch of the dungeon, and saw 3 of its levels.

You collected 100 gold pieces.
You spent 26 gold pieces at shops.

Inventory:

Hand Weapons
 a - a +0 hand axe (weapon)
Missiles
 d - 22 stones (quivered)
 t - 3 poisoned darts
Armour
 b - a +0 robe
 e - a +0 leather armour
 k - a +0 tower shield (worn)
 m - a +0 chain mail (worn)
Scrolls
 f - 2 scrolls of immolation {unknown}
 g - 3 scrolls of poison {unknown}
 h - a scroll of amnesia {unknown}
 n - a scroll of summoning {unknown}
 o - 3 scrolls of identify
 q - a scroll of teleportation {unknown}
 r - a scroll of noise {unknown}
 s - a scroll of fear {unknown}
Potions
 c - a potion of cancellation {unknown}
 i - 2 potions of curing {unknown}
 j - a potion of berserk rage {unknown}
 l - a potion of resistance {unknown}
 p - a potion of brilliance {unknown}


   Skills:
 + Level 4.2 Fighting
 * Level 5.6 Axes
 + Level 1.1 Armour
 + Level 2.8 Dodging
 + Level 1.7 Stealth
 + Level 1.5 Shields


You had 3 spell levels left.
You didn't know any spells.
Your spell library contained the following spells:

 Spells                   Type           Power      Damage    Failure   Level
 Shock                    Conj/Air       0%         1d3       100%        1
 Swiftness                Air            0%         N/A       100%        3
 Airstrike                Air            0%         2d(0-16)  100%        4


Dungeon Overview and Level Annotations

Branches:
Dungeon (3/15)

Altars:
Yredelemnul

Shops:
D:2 ?

Annotations:
D:2 1 runed translucent door, Crazy Yiuf


Message History

You block something's attack.
You hit something.
Reactivating autopickup.
You feel a bit more experienced. The orc hits you with a +0 short sword.
* * * LOW HITPOINT WARNING * * *
Your Armour skill increases to level 1!
You closely miss the orc. You block the orc's attack.
You barely miss the orc. The orc hits you with a +0 short sword.
* * * LOW HITPOINT WARNING * * *
The orc hits you but does no damage.
The orc roars loudly.
You hit the orc.
The orc is almost dead.
The orc hits you but does no damage.
You barely miss the orc.
The orc is almost dead.
The orc hits you but does no damage. You block the orc's attack.
You hit the orc but do no damage.
The orc is almost dead.
You block the orc's attack.
You closely miss the orc.
The orc is almost dead.
You block the orc's attack.
You hit the orc.
You kill the orc!
The orc hits you but does no damage.
You barely miss the orc. The orc hits you but does no damage.
You hit the orc.
The orc is heavily wounded.
The orc hits you with a +0 flail!
* * * LOW HITPOINT WARNING * * *
You block the orc's attack.
You barely miss the orc.
The orc is heavily wounded.
The orc hits you with a +0 flail.
* * * LOW HITPOINT WARNING * * *
You closely miss the orc.
The orc is heavily wounded.
The orc hits you with a +0 flail.
You die...

## #. #. ############# #.
#...........# #.
#.#########.###########.#.#
#. #.# #.#.@o......$...# #.
#.# ####.#)#########...# #.
#.# #......# ##...# #. #
#.# #.##.......... ..?. #.
###.# # ########### #(.# #.
....# #..# #. #####
####..#####. #######
##......>.... ......#
####...#.##.####


You could see an orc.

Vanquished Creatures
  An orc wizard (D:3)
  A shadow imp (D:3)
  A worm (D:1)
  2 dart slugs
  7 orcs (D:3)
  7 ball pythons
  5 bats
  7 endoplasms
  4 giant cockroaches
  A goblin (D:1)
  3 hobgoblins
  3 jackals (D:1)
  4 kobolds
  2 quokkas (D:2)
  4 frilled lizards
  7 rats
59 creatures vanquished.

Notes
Turn   | Place    | Note
-------+----------+-------------------------------------------
     0 | D:1      | gzilladon the Hill Orc Monk began the quest for the Orb.
     0 | D:1      | Reached XP level 1. HP: 19/19 MP: 1/1
   156 | D:1      | You fall into a shaft and drop 1 floor!
   195 | D:2      | Reached XP level 2. HP: 21/27 MP: 2/2
   650 | D:1      | Reached XP level 3. HP: 33/33 MP: 3/3
  1318 | D:2      | Reached skill level 5 in Axes
  1403 | D:2      | Found Muaczyn's Magic Scroll Emporium.
  1455 | D:2      | Bought a scroll of identify for 26 gold pieces
  1553 | D:2      | Found a faded altar of an unknown god.
  1845 | D:2      | Found a runed translucent door.
  1846 | D:2      | Noticed Crazy Yiuf
  1992 | D:3      | Reached XP level 4. HP: 40/40 MP: 4/4
  2040 | D:3      | Reached skill level 1 in Shields
  2257 | D:3      | Found a basalt altar of Yredelemnul.
  2516 | D:3      | Reached skill level 1 in Armour
  2524 | D:3      | HP: 2/40 [orc/+0 flail (7)]
  2526 | D:3      | Slain by an orc

Illustrated notes

Levels and vault maps discovered:
D:1:      dpeg_arrival_shrine, layout_loops_corners, serial_rivers,
          chequers_serial_rivers_micro_a, chequers_serial_rivers_small_b,
          chequers_serial_rivers_small_3, chequers_serial_rivers_small_3,
          corexii_item_surrounded_by_moat, nicolae_wormholes
D:2:      layout_loops_ring, serial_shops, nicolae_square_shop,
          dreamdust_ecumenical_altar_angels_and_demons, minmay_distorted,
          uniq_crazy_yiuf_cottage
D:3:      layout_loops_ring, lemuel_doored_altar, minmay_misc_feat_five,
          uniq_jessica

Skill      XL: |  1  2  3  4 |
---------------+-------------+-----
Fighting       | 4 |  4.2
Axes           | 5 |  5.6
Shields        | 1 |  1.5
Armour         | 1 |  1.1
Dodging        | |  2.8
Stealth        | |  1.7

Action                   |  1- 3 |  4- 6 || total
-------------------------+-------+-------++-------
Melee: Hand axe          |   143 |    90 ||   233
  Use: Potion            |       |     1 ||     1
 Stab: Sleeping          |     1 |       ||     1
Armor: Robe              |     5 |       ||     5
       Leather armour    |     8 |       ||     8
       Chain mail        |    94 |    47 ||   141
Dodge: Dodged            |    34 |     9 ||    43
Block: Tower shield      |    78 |    40 ||   118

Table legend: (Time is in decaauts)
 A = Elapsed time spent in this place.
 B = Non-inter-level travel time spent in this place.
 C = Inter-level travel time spent in this place.
 D = Time resting spent in this place.
 E = Time spent auto-exploring this place.
 F = Levels seen in this place.
 G = Mean time per level.
                   A        B        C        D        E       F      G
               +--------+--------+--------+--------+--------+-----+--------+
         Total |   2631 |   2274 |    357 |    199 |      0 |   3 |  877.0 |
       Dungeon |   2631 |   2274 |    357 |    199 |      0 |   3 |  877.0 |
               +--------+--------+--------+--------+--------+-----+--------+

Top non-repeatable levels by time:
     D:1: 1192 daAuts
     D:2: 778 daAuts
     D:3: 660 daAuts
